 Seeded DCSS version 0.28.0-43-g3370ac3207 (webtiles) character file.

Game seed: 7121082916606783627 (custom seed)

63 gzilladon the Chopper (level 4, 0/40 HPs)
             Began as a Hill Orc Monk on Mar 30, 2022.
             Was a Priest of Beogh.
             Slain by a worm (3 damage)
             ... on level 2 of the Dungeon.
             The game lasted 00:03:59 (1520 turns).

gzilladon the Chopper (Hill Orc Monk)               Turns: 1520, Time: 00:03:59

Health: 0/40       AC:  8    Str: 15    XL:     4   Next: 9%
Magic:  4/4        EV:  7    Int: 10    God:    Beogh [***...]
Gold:   68         SH:  0    Dex: 13    Spells: 3/3 levels left

rFire   . . .      SeeInvis .   a - +0 hand axe
rCold   . . .      Faith    .   (no shield)
rNeg    . . .      Spirit   .   k - +0 chain mail
rPois   .          Reflect  .   (no helmet)
rElec   .          Harm     .   (no cloak)
rCorr   .          Rampage  .   (no gloves)
Will    .....                   (no boots)
Stlth   ..........              (no amulet)
HPRegen 0.13/turn               (no ring)
MPRegen 0.09/turn               (no ring)

@: no status effects
A: no striking features
a: Renounce Religion, Smiting


You were on level 2 of the Dungeon.
You worshipped Beogh.
Beogh was most pleased with you.
You visited 1 branch of the dungeon, and saw 3 of its levels.

You collected 68 gold pieces.

Inventory:

Hand Weapons
 a - a +0 hand axe (weapon)
Missiles
 d - 11 poisoned darts (quivered)
Armour
 b - a +0 robe
 c - a +0 leather armour
 f - a +0 ring mail
 k - a +0 chain mail (worn)
Scrolls
 g - a scroll of teleportation {unknown}
 h - 3 scrolls of immolation {unknown}
 j - a scroll of identify {unknown}
 l - a scroll of blinking {unknown}
Potions
 e - a potion of attraction {unknown}
 i - a potion of curing {unknown}


   Skills:
 + Level 3.9 Fighting
 * Level 5.5 Axes
 + Level 1.0 Armour
 + Level 2.6 Dodging
 - Level 1.5 Stealth
 * Level 1.2 Invocations


You had 3 spell levels left.
You didn't know any spells.
Your spell library contained the following spells:

 Spells                   Type           Power      Damage    Failure   Level
 Conjure Flame            Conj/Fire      0%         6-21      100%        3
 Ignite Poison            Fire/Tmut/Pois 0%         N/A       100%        3
 Sticky Flame             Conj/Fire      0%         2d3       100%        4


Dungeon Overview and Level Annotations

Branches:
Dungeon (3/15)

Altars:
Uskayaw

Shops:
D:1 *


Message History

The ball python bites you but does no damage.
The ball python constricts you.
The dart slug bites you but does no damage.
You hit the dart slug.
The dart slug is heavily wounded.
You barely miss the worm. x2; You hit the orc.
You kill the orc!
Beogh accepts your kill.
You hit the ball python.
You kill the ball python!
Beogh accepts your kill. The worm bites you.
You hit the dart slug but do no damage.
The dart slug is heavily wounded.
You hit the worm. x2; The worm bites you!
* * * LOW HITPOINT WARNING * * *
The dart slug closely misses you. The worm bites you.
* * * LOW HITPOINT WARNING * * *
You hit the dart slug.
The dart slug is severely wounded.
You hit the worm. You barely miss the worm.
The dart slug bites you but does no damage.
The worm barely misses you.
You hit the dart slug.
You kill the dart slug!
Beogh accepts your kill.
You can now gain orcish followers.
You barely miss the worm. You hit the worm. The worm bites you.
* * * LOW HITPOINT WARNING * * *
The worm bites you but does no damage.
You hit the worm.
The worm is moderately wounded.
You barely miss the worm.
The worm is moderately wounded.
You hit the worm. The worm bites you.
* * * LOW HITPOINT WARNING * * *
The worm bites you but does no damage.
You barely miss the worm.
The worm is moderately wounded.
You hit the worm. The worm bites you.
You die...

#### #.. .#####................##
...# #.##.#.....##.##<..........#
...###...(..##..................#
.......##.......................#
....>...........#..#.............
....Sw#..###....#....##.......###
........<#................#####
......#..#.##.#)w..########
....###....##...@w.#
##..##..........$###
.#........###....# .#...#....#
#.##.# ....##..### #^ #.. #####
....##..# # #.. #.... ....##..#
#.. #.... ....#.).# #$.. #..##
....#...###.# #..#


You could see 2 worms.

Vanquished Creatures
  2 adders (D:2)
  A dart slug (D:2)
  An orc (D:2)
  2 endoplasms
  A giant cockroach (D:1)
  6 goblins
  5 hobgoblins
  4 quokkas (D:1)
  3 ball pythons (D:2)
  2 bats (D:1)
  A frilled lizard (D:3)
  9 kobolds
  A rat (D:1)
38 creatures vanquished.

Vanquished Creatures (others)
  A howler monkey zombie (D:3)
  2 orcs (D:3)
  A quokka (D:3)
  A giant cockroach zombie (D:3)
  7 toadstools (D:3)
12 creatures vanquished.

Grand Total: 50 creatures vanquished

Notes
Turn   | Place    | Note
-------+----------+-------------------------------------------
     0 | D:1      | gzilladon the Hill Orc Monk began the quest for the Orb.
     0 | D:1      | Reached XP level 1. HP: 19/19 MP: 1/1
   224 | D:3      | Noticed an orc priest
   224 | D:3      | Noticed an orc priest
   224 | D:3      | Noticed an orc priest
   225 | D:3      | Became a worshipper of Beogh the Brigand
   225 | D:3      | Reached * piety under Beogh
   225 | D:3      | Reached ** piety under Beogh
   317 | D:1      | Reached XP level 2. HP: 14/27 MP: 2/2
   445 | D:1      | Found Rirorouf's Assorted Antiques.
   958 | D:2      | Reached skill level 5 in Axes
   958 | D:2      | Reached XP level 3. HP: 28/33 MP: 3/3
  1164 | D:3      | Found a hide-covered altar of Uskayaw.
  1212 | D:2      | Reached skill level 1 in Invocations
  1506 | D:2      | Reached skill level 1 in Armour
  1506 | D:2      | Reached XP level 4. HP: 40/40 MP: 4/4
  1516 | D:2      | Reached *** piety under Beogh
  1520 | D:2      | Slain by a worm

Illustrated notes

Levels and vault maps discovered:
D:1:      minmay_arrival_plants_in_alcoves, layout_rooms, serial_shops, shop,
          chequers_serial_rivers_large_b
D:2:      layout_rooms, hellmonk_ecumenical_altar_leap_of_faith,
          minmay_door_square, nicolae_concentric_dashed_squares_mild
D:3:      cheibrodos_fertilizer, layout_basic, lemuel_tele_altar,
          lemuel_zombie_altar_yredelemnul, serial_shops,
          nicolae_shop_behind_doors, serial_rivers,
          chequers_serial_rivers_small_a, chequers_serial_rivers_micro_c,
          chequers_serial_rivers_room_a, chequers_serial_rivers_micro_e,
          chequers_serial_rivers_small_a, kennysheep_generic_room_9

Skill      XL: |  1  2  3 |
---------------+----------+-----
Axes           | 5 |  5.5
Invocations    | 1 |  1.2
Armour         | 1 |  1.0
Fighting       | |  3.9
Dodging        | |  2.6
Stealth        | |  1.5

Action                   |  1- 3 |  4- 6 || total
-------------------------+-------+-------++-------
Melee: Hand axe          |   109 |    12 ||   121
       Punch             |     1 |       ||     1
Invok: Convert to Beogh  |     1 |       ||     1
Armor: Leather armour    |    19 |       ||    19
       Chain mail        |     5 |    14 ||    19
       Ring mail         |     5 |       ||     5
Dodge: Dodged            |    91 |     5 ||    96
